Map: Blackpink LE

Players

birdy - Winner!

  • Race: Zerg Zerg
  • League: Master
  • Spawn Location: 7:00

Herbefa

  • Race: Terran Terran
  • League: Master
  • Spawn Location: 1:00

VOD

https://www.youtube.com/watch?v=KP8eKxQ6xR4&feature=youtu.be

Description

Time

  • Played on: Nov. 21, 2017, 4:22 a.m.
  • Length: 15:10
Show
View Real Time Build Order
Export as new Build Order

birdy Zerg - Winner!

Build Orders: Hatch First 

Get SALT Encoding   

  12  0:01  Drone  
  13  0:13  Overlord  
  13  0:20  Drone  
  14  0:31  Drone x2  
  14  0:35  Drone  
  17  0:53  Hatchery  
  17  0:56  Drone  
  17  0:58  Drone  
  18  1:09  Extractor  
  17  1:14  Spawning Pool  
  17  1:17  Drone  
  17  1:20  Drone  
  18  1:28  Drone  
  19  1:40  Overlord  
  19  2:01  Queen  
  19  2:03  Zergling x4  
  19  2:05  Queen  
  19  2:07  Drone  
  26  2:11  Drone  
  27  2:16  Drone  
  28  2:24  Drone  
  28  2:25  Metabolic Boost  
  28  2:27  Drone  
  30  2:33  Drone  
  31  2:37  Drone  
  32  2:44  Drone  
  32  2:49  Pneumatized Carapace  
  32  2:50  Queen  
  35  2:53  Drone  
  36  2:59  Overlord x2  
  36  3:17  Drone x6  
  36  3:18  Drone  
  36  3:19  Drone x2  
  45  3:27  Drone  
  46  3:39  Overlord x2  
  46  3:44  Drone  
  46  3:50  Drone, Hatchery  
  46  3:53  Extractor  
  46  3:55  Baneling Nest  
  44  4:01  Queen  
  46  4:08  Drone x4  
  50  4:14  Lair  
  50  4:19  Drone  
  50  4:22  Zergling x8  
  55  4:33  Overlord  
  55  4:34  Overlord  
  55  4:35  Drone x3  
  55  4:37  Extractor, Queen  
  60  4:44  Spore Crawler  
  60  4:45  Spore Crawler  
  57  4:48  Zergling x10  
  57  4:50  Baneling  
  57  4:51  Baneling x4  
  62  5:02  Queen  
  64  5:09  Zergling x14  
  64  5:11  Spore Crawler  
  70  5:20  Overseer  
  70  5:24  Queen  
  70  5:26  Queen  
  74  5:36  Drone x11  
  74  5:41  Queen  
  84  5:44  Drone x2  
  84  5:57  Drone x5  
  89  6:05  Evolution Chamber x2, Overlord x5  
  81  6:27  Drone x9  
  81  6:31  Zerg Melee Weapons Level 1  
  81  6:32  Zerg Ground Armor Level 1  
  90  6:33  Centrifical Hooks  
  90  6:35  Drone x2  
  92  6:45  Extractor  
  92  6:46  Extractor  
  90  6:48  Drone x4  
  90  6:50  Hatchery  
  93  6:54  Extractor  
  92  7:02  Zergling x2  
  92  7:03  Zergling x16  
  92  7:05  Baneling x12  
  101  7:14  Drone x3, Overlord  
  101  7:15  Overlord x2  
  104  7:16  Extractor  
  104  7:22  Drone x3  
  106  7:23  Overseer  
  105  7:40  Zergling x8  
  105  7:41  Hydralisk Den, Zergling x14  
  115  7:45  Spore Crawler  
  114  7:52  Overlord x3  
  114  7:53  Overseer  
  114  7:56  Zergling x8  
  118  8:04  Zergling x8  
  118  8:05  Zergling x4  
  123  8:09  Zergling x8  
  123  8:12  Zergling x2  
  108  8:17  Baneling x7  
  108  8:18  Zergling x6  
  106  8:22  Queen  
  106  8:28  Hydralisk x6  
  106  8:31  Zerg Melee Weapons Level 2, Muscular Augments  
  118  8:34  Infestation Pit  
  116  8:52  Zergling x20  
  116  8:54  Overseer  
  125  9:05  Hydralisk x7  
  139  9:20  Drone x7  
  139  9:26  Hive  
  139  9:27  Zerg Ground Armor Level 2  
  132  9:39  Drone x8  
  140  9:50  Hatchery  
  139  9:54  Spine Crawler  
  139  9:55  Spine Crawler  
  137  10:06  Drone  
  138  10:07  Spore Crawler, Drone x2, Spine Crawler  
  138  10:08  Drone x2, Hydralisk  
  138  10:09  Hydralisk x7  
  138  10:10  Extractor  
  155  10:14  Extractor  
  155  10:18  Baneling x16  
  154  10:28  Zergling x2  
  154  10:29  Zergling x10  
  161  10:44  Overlord x4  
  161  10:45  Overlord  
  153  11:05  Drone x14  
  153  11:08  Hydralisk  
  153  11:09  Hydralisk x2  
  165  11:23  Zerg Melee Weapons Level 3, Ultralisk Cavern  
  165  11:25  Adrenal Glands  
  164  11:28  Hatchery  
  161  11:45  Burrow  
  161  12:05  Overlord  
  161  12:06  Overlord x2  
  161  12:18  Chitinous Plating  
  161  12:19  Viper x3  
  161  12:20  Viper  
  173  12:25  Ultralisk x3  
  173  12:26  Evolution Chamber x2  
  173  12:27  Evolution Chamber  
  173  12:29  Zergling x6  
  188  12:30  Zergling x32  
  188  12:35  Zergling x2  
  188  12:36  Zergling x14  
  197  12:48  Baneling x11  
  197  12:49  Baneling x3  
  197  13:08  Hatchery  
  197  13:11  Baneling x10  
  159  13:34  Ultralisk x2, Zergling x2  
  159  13:35  Zergling x22  
  159  13:36  Zergling x2  
  166  13:48  Ultralisk  
  170  14:08  Hatchery  
  169  14:15  Ultralisk  
  173  14:34  Zergling x8  
Show
View Real Time Build Order
Export as new Build Order

Herbefa Terran 

Build Orders: Reaper Expand, Hellion Banshee, MMM Bio 

Get SALT Encoding   

  12  0:00  SCV  
  13  0:13  SCV  
  14  0:17  Supply Depot  
  14  0:25  SCV  
  15  0:39  SCV  
  15  0:40  Barracks  
  16  0:44  Refinery  
  16  0:51  SCV  
  17  1:03  SCV  
  18  1:15  SCV  
  19  1:27  Orbital Command, Reaper  
  20  1:39  Command Center  
  20  1:53  SCV  
  21  2:00  Barracks Reactor  
  21  2:05  SCV  
  22  2:10  Supply Depot  
  22  2:12  Refinery  
  22  2:17  SCV  
  23  2:23  Factory  
  23  2:31  SCV  
  24  2:37  Marine x2  
  26  2:46  SCV  
  26  2:51  Orbital Command  
  27  3:08  Starport  
  27  3:09  Barracks Tech Lab  
  27  3:10  SCV  
  28  3:14  Hellion  
  28  3:15  Hellion  
  28  3:17  SCV  
  33  3:22  SCV  
  34  3:39  Hellion x2  
  38  3:50  Barracks Tech Lab, SCV  
  38  3:51  SCV  
  38  3:54  Barracks  
  38  3:55  Barracks, Banshee, Cloaking Field  
  39  4:00  Hellion x2  
  46  4:14  Supply Depot  
  46  4:17  Supply Depot  
  46  4:18  Stimpack  
  46  4:23  Marine, SCV x2, Hellion x2  
  53  4:35  SCV  
  53  4:36  SCV  
  55  4:39  Supply Depot x2  
  55  4:44  Barracks Reactor  
  55  4:45  Barracks Reactor  
  55  4:52  Widow Mine x2  
  55  4:54  SCV x2  
  55  4:55  Marine  
  55  4:57  Banshee  
  65  5:07  SCV x2  
  65  5:09  Barracks  
  65  5:13  Barracks  
  67  5:21  Marine x3  
  67  5:22  Marine x2  
  67  5:26  Supply Depot  
  72  5:51  Marine x4  
  72  5:52  Marine  
  77  5:58  Marine  
  77  6:00  SCV x2  
  77  6:03  Siege Tank, Medivac x2  
  87  6:09  Marine x4  
  91  6:20  SCV x2  
  91  6:22  Barracks Reactor  
  91  6:23  Marine, Barracks Reactor  
  94  6:28  Marine x2  
  93  6:33  Combat Shields  
  93  6:37  Supply Depot  
  93  6:38  Supply Depot  
  93  6:43  SCV x2  
  93  6:45  Refinery  
  93  6:46  Refinery  
  95  6:53  Armory  
  95  6:55  SCV x2  
  97  7:05  Engineering Bay  
  97  7:06  Supply Depot  
  97  7:07  Supply Depot, SCV x2  
  97  7:08  Marine x6  
  105  7:18  Siege Tank, Medivac  
  105  7:19  SCV x2  
  105  7:21  Marine x2  
  114  7:27  Marine x2  
  114  7:28  Marine  
  117  7:33  Marine x3  
  117  7:34  Marine  
  121  7:38  Missile Turret  
  121  7:40  Missile Turret  
  88  8:18  Marine x9  
  88  8:19  Siege Tank, Medivac  
  71  8:20  Medivac  
  104  8:32  Command Center  
  104  8:36  Marine x7  
  104  8:39  Supply Depot  
  111  8:47  Liberator  
  111  8:49  Medivac  
  111  8:51  Siege Tank  
  116  8:55  Unknown  
  116  8:59  Marine x9  
  116  9:02  Liberator  
  125  9:15  Unknown x2  
  125  9:17  Marine x2  
  123  9:38  Liberator  
  122  9:46  Orbital Command  
  122  9:49  Bunker, SCV x2  
  122  9:50  Marine x9  
  133  9:53  Siege Tank  
  139  10:02  Medivac  
  141  10:09  Marine  
  141  10:10  Marine x7  
  141  10:11  Marine  
  141  10:13  Supply Depot  
  150  10:15  Terran Infantry Weapons Level 1  
  150  10:16  SCV  
  150  10:17  SCV x2  
  153  10:30  Marine x4  
  153  10:34  Marine x5  
  153  10:35  Siege Tank  
  165  10:38  Liberator  
  165  10:53  Marine x2, Supply Depot  
  165  10:54  Marine x6  
  165  11:03  Liberator  
  165  11:07  Siege Tank  
  166  11:17  Marine  
  166  11:18  Marine x8  
  172  11:20  SCV  
  172  11:21  SCV, Liberator  
  172  11:22  Refinery, SCV  
  181  11:27  Supply Depot x2  
  177  11:35  Engineering Bay  
  177  11:36  Marine  
  177  11:37  Marine x7  
  177  11:39  Siege Tank  
  189  11:40  Marauder  
  189  11:45  Liberator  
  192  12:09  Terran Infantry Armor Level 1  
  192  12:11  Siege Tank  
  192  12:12  Terran Infantry Weapons Level 2  
  192  12:13  Marine  
  192  12:14  Marine x3, Marauder  
  200  12:19  Command Center  
  200  12:20  Barracks x2  
  184  12:36  Marine x8, Marauder  
  181  12:53  Marine  
  181  12:57  Marauder  
  172  13:31  Liberator x2  
  109  13:46  Marine x8, Marauder  
  109  13:48  Siege Tank  
  125  13:49  Barracks Tech Lab  
  125  13:50  Barracks Tech Lab  
  125  13:53  Barracks  
  128  14:04  Marine  
  127  14:20  Marauder  
  127  14:21  Marine x5, Marauder x2  
  138  14:26  Starport  
  138  14:28  Missile Turret  
  138  14:29  Missile Turret  
  138  14:31  Medivac x2  
  140  14:33  Missile Turret  
  140  14:34  Sensor Tower  
  140  14:38  Marine  
  143  14:42  Marauder x2  
Tags
 
Add a new tag
Caveats
  • Supply blocks, unpowered buildings, or Contaminate may cause inaccurate times.
  • Supply counts are checked every 10 seconds.